AAA
BUFFALO BISONS @ WILKES-BARRE BARONS
04/28/2052
 
TOP OF THE 1ST
Durham Bulls batting - Pitching for Ottawa Oddballs : LHP Ronaldo Picon
Pitching: LHP Ronaldo Picon
Batting: LHB Theodore Legault 0-0: Ball
1-0: Ball
2-0: Ball
3-0: Called Strike
3-1: Called Strike
3-2: Fly out, F6 (Popup, 6S, EV 72.5 MPH)
Batting: SHB Tristan Brudos 0-0: Called Strike
0-1: Ball
1-1: Foul Ball, location: 2F
1-2: Strikes out swinging
Batting: RHB Andy Gadd 0-0: Foul Ball, location: 2F
0-1: Foul Ball, location: 2F
0-2: Ball
1-2: Ball
2-2: SOLO HOME RUN (Flyball, 89XD, EV 102.5 MPH) (Inside the Park)
Batting: LHB Dannysmel Sylva 0-0: Ball
1-0: Ball
2-0: Ground out 4-3 (Groundball, 4, EV 93.1 MPH)
Top of the 1st over - 1 run, 1 hit, 0 errors, 0 left on base; Durham 1 - Ottawa 0
BOTTOM OF THE 1ST
Ottawa Oddballs batting - Pitching for Durham Bulls : LHP Kamil Davis
Pitching: LHP Kamil Davis
Batting: RHB Roberto Cruz 0-0: Called Strike
0-1: Ground out 6-3 (Groundball, 6, EV 77.5 MPH)
Batting: RHB Andrew Bledsoe 0-0: DOUBLE (Line Drive, 89M, EV 102.5 MPH)
Batting: RHB Carlos Castillo 0-0: Ball
1-0: SINGLE (Line Drive, 8RS, EV 97.5 MPH)
Andrew Bledsoe to third
Runner from 3rd tries for Home, throw by CF and OUT! 8-2
Carlos Castillo to second
Batting: LHB Jason Sanders 0-0: Called Strike
0-1: Ball
1-1: Ball
2-1: Foul Ball, location: 2F
2-2: Strikes out looking
Bottom of the 1st over - 0 runs, 2 hits, 0 errors, 1 left on base; Durham 1 - Ottawa 0
TOP OF THE 2ND
Durham Bulls batting - Pitching for Ottawa Oddballs : LHP Ronaldo Picon
Batting: SHB Hunter Beltran 0-0: Ball
1-0: Foul Ball, location: 2F
1-1: Swinging Strike
1-2: Strikes out swinging
Batting: LHB Sammie Marquez 0-0: Called Strike
0-1: Ball
1-1: SINGLE (Groundball, 4MD, EV 105.6 MPH)
Batting: RHB Anthony Quinn 0-0: Fielders Choice at 2nd, 5-4 (Groundball, 56, EV 84.4 MPH)
Batting: RHB Josh Dunn 0-0: Called Strike
0-1: Ball
1-1: Ball
2-1: Ball
3-1: Fly out, F9 (Flyball, 9D, EV 88.8 MPH)
Top of the 2nd over - 0 runs, 1 hit, 0 errors, 1 left on base; Durham 1 - Ottawa 0
BOTTOM OF THE 2ND
Ottawa Oddballs batting - Pitching for Durham Bulls : LHP Kamil Davis
Batting: RHB Joe Gibbs 0-0: Ground out 5-3 (Groundball, 56, EV 81.9 MPH)
Batting: RHB Francisco Flores 0-0: Called Strike
0-1: Ground out 4-3 (Groundball, 34, EV 91.9 MPH)
Batting: RHB Júlio Acevedo 0-0: Ball
1-0: Ball
2-0: Ball
3-0: Called Strike
3-1: SINGLE (Line Drive, 89M, EV 103.8 MPH)
Batting: LHB Mário de la Cruz 0-0: Called Strike
0-1: Ball
1-1: Fly out, F8 (Flyball, 8LS, EV 90.0 MPH)
Bottom of the 2nd over - 0 runs, 1 hit, 0 errors, 1 left on base; Durham 1 - Ottawa 0
TOP OF THE 3RD
Durham Bulls batting - Pitching for Ottawa Oddballs : LHP Ronaldo Picon
Batting: LHB Alan McDonald 0-0: Swinging Strike
0-1: Foul Ball, location: 2F
0-2: Ball
1-2: Strikes out swinging
Batting: LHB Theodore Legault 0-0: Ball
1-0: Called Strike
1-1: Ball
2-1: Called Strike
2-2: Strikes out swinging
Batting: SHB Tristan Brudos 0-0: Swinging Strike
0-1: DOUBLE (Line Drive, 78D, EV 105.6 MPH)
Batting: RHB Andy Gadd 0-0: Called Strike
0-1: Swinging Strike
0-2: Ball
1-2: Ball
2-2: Strikes out swinging
Top of the 3rd over - 0 runs, 1 hit, 0 errors, 1 left on base; Durham 1 - Ottawa 0
BOTTOM OF THE 3RD
Ottawa Oddballs batting - Pitching for Durham Bulls : LHP Kamil Davis
Batting: LHB Jordan Burpo 0-0: Ground out 5-3 (Groundball, 56, EV 99.4 MPH)
Batting: RHB Roberto Cruz 0-0: Ball
1-0: Called Strike
1-1: Swinging Strike
1-2: SINGLE (Line Drive, 8RS, EV 98.1 MPH)
Batting: RHB Andrew Bledsoe 0-0: Grounds into double play, 6-4-3 (Groundball, 6, EV 81.9 MPH)
Bottom of the 3rd over - 0 runs, 1 hit, 0 errors, 0 left on base; Durham 1 - Ottawa 0
TOP OF THE 4TH
Durham Bulls batting - Pitching for Ottawa Oddballs : LHP Ronaldo Picon
Batting: LHB Dannysmel Sylva 0-0: Ball
1-0: Foul Ball, location: 2F
1-1: Ball
2-1: SINGLE (Groundball, 56S, EV 67.5 MPH) (infield hit)
Pitching: RHP A.J. Helfer
Batting: SHB Hunter Beltran 0-0: Called Strike
0-1: Called Strike
0-2: Ball
Pickoff Throw by Catcher to First - Out!
1-2: SOLO HOME RUN (Flyball, 9D, EV 91.9 MPH), Distance : 359 ft
Batting: LHB Sammie Marquez 0-0: Called Strike
0-1: Ground out 4-3 (Groundball, 4, EV 86.9 MPH)
Batting: RHB Anthony Quinn 0-0: Called Strike
0-1: SINGLE (Line Drive, 9LS, EV 95.6 MPH)
Batting: RHB Josh Dunn 0-0: Foul Ball, location: 2F
0-1: Swinging Strike
0-2: Ball
1-2: Ball
2-2: Foul Ball, location: 2F
2-2: Fly out, F4 (Line Drive, 4, EV 61.2 MPH)
Top of the 4th over - 1 run, 3 hits, 0 errors, 1 left on base; Durham 2 - Ottawa 0
BOTTOM OF THE 4TH
Ottawa Oddballs batting - Pitching for Durham Bulls : LHP Kamil Davis
Batting: RHB Carlos Castillo 0-0: Called Strike
0-1: Hit by Pitch
Batting: LHB Jason Sanders 0-0: Fly out, F7 (Line Drive, 7, EV 90.6 MPH)
Batting: RHB Joe Gibbs 0-0: Ball
1-0: Ball
2-0: Swinging Strike
2-1: SINGLE (Line Drive, 34, EV 107.5 MPH)
Carlos Castillo to second
Batting: RHB Francisco Flores 0-0: Ball
1-0: Ball
2-0: Ball
3-0: Called Strike
3-1: SINGLE (Line Drive, 56D, EV 102.5 MPH)
Carlos Castillo to third
Joe Gibbs to second
Runner from 3rd tries for Home, SAFE, throw by LF to home
Batting: RHB Júlio Acevedo 0-0: Called Strike
Pickoff Throw to Second - Error! E1
Joe Gibbs to third
Francisco Flores to second
0-1: Swinging Strike
0-2: Strikes out looking
Batting: LHB Mário de la Cruz 0-0: Foul Ball, location: 2F
0-1: Foul Ball, location: 2F
0-2: Ball
1-2: Strikes out swinging
Bottom of the 4th over - 1 run, 2 hits, 1 error, 2 left on base; Durham 2 - Ottawa 1
TOP OF THE 5TH
Durham Bulls batting - Pitching for Ottawa Oddballs : RHP A.J. Helfer
Batting: LHB Alan McDonald 0-0: Called Strike
0-1: Ball
1-1: Called Strike
1-2: Ground out U3 (Groundball, 34S, EV 80.0 MPH)
Batting: LHB Theodore Legault 0-0: Ball
1-0: Called Strike
1-1: Ball
2-1: Foul Ball, location: 2F
2-2: Strikes out looking
Batting: SHB Tristan Brudos 0-0: Called Strike
0-1: Swinging Strike
0-2: Ball
1-2: Ball
2-2: Ball
3-2: Foul Ball, location: 2F
3-2: Reached on error, E4 (Groundball, 4, EV 80.0 MPH)
Pitching: LHP Jesus Mendoza
Batting: RHB Andy Gadd 0-0: Ball
1-0: Ball
2-0: Called Strike
2-1: Fly out, F6 (Popup, 6, EV 54.4 MPH)
Top of the 5th over - 0 runs, 0 hits, 1 error, 1 left on base; Durham 2 - Ottawa 1
BOTTOM OF THE 5TH
Ottawa Oddballs batting - Pitching for Durham Bulls : LHP Kamil Davis
Batting: LHB Jordan Burpo 0-0: Fly out, F7 (Flyball, 7, EV 76.2 MPH)
Batting: RHB Roberto Cruz 0-0: DOUBLE (Flyball, 8LXD, EV 101.2 MPH)
Batting: RHB Andrew Bledsoe 0-0: Ball
1-0: SINGLE (Line Drive, 8RS, EV 98.1 MPH)
Roberto Cruz to third
Runner from 3rd tries for Home, SAFE, throw by CF to home
Batting: RHB Carlos Castillo 0-0: Ball
1-0: Called Strike
1-1: Called Strike
1-2: Grounds into double play, 5-4-3 (Groundball, 56, EV 103.1 MPH)
Bottom of the 5th over - 1 run, 2 hits, 0 errors, 0 left on base; Durham 2 - Ottawa 2
TOP OF THE 6TH
Durham Bulls batting - Pitching for Ottawa Oddballs : LHP Jesus Mendoza
Batting: LHB Dannysmel Sylva 0-0: Ball
1-0: Ball
2-0: Foul Ball, location: 2F
2-1: Swinging Strike
2-2: Foul Ball, location: 2F
2-2: Foul Ball, location: 2F
2-2: Strikes out swinging
Batting: SHB Hunter Beltran 0-0: Ball
1-0: Swinging Strike
1-1: Called Strike
1-2: Foul Ball, location: 2F
1-2: Ball
2-2: Strikes out swinging, 2-3 out at first.
Batting: LHB Sammie Marquez 0-0: Called Strike
0-1: Ground out 4-3 (Groundball, 34D, EV 96.2 MPH)
Top of the 6th over - 0 runs, 0 hits, 0 errors, 0 left on base; Durham 2 - Ottawa 2
BOTTOM OF THE 6TH
Ottawa Oddballs batting - Pitching for Durham Bulls : LHP Kamil Davis
Batting: LHB Jason Sanders 0-0: DOUBLE (Groundball, 3L, EV 105.0 MPH)
Batting: RHB Joe Gibbs 0-0: Called Strike
0-1: Ball
1-1: SINGLE (Groundball, 56D, EV 95.0 MPH)
Jason Sanders to third
Runner from 3rd tries for Home, throw by LF and OUT! 7-2
Joe Gibbs to second
Batting: RHB Francisco Flores 0-0: Intentional Walk
Batting: RHB Júlio Acevedo 0-0: Ball
1-0: DOUBLE (Flyball, 8LXD, EV 115.0 MPH)
Joe Gibbs scores
Francisco Flores to third
Batting: LHB Mário de la Cruz 0-0: Called Strike
0-1: Ball
1-1: SINGLE (Line Drive, 34, EV 95.0 MPH)
Francisco Flores scores
Júlio Acevedo to third
Runner from 3rd tries for Home, SAFE, throw by RF to home
Mário de la Cruz to second
Pitching: RHP Bradley McSween
Batting: LHB Jordan Burpo 0-0: Foul Ball, location: 2F
0-1: Ball
Mário de la Cruz steals 3rd base
1-1: Foul Ball, location: 2F
1-2: Ball
2-2: Foul Ball, location: 2F
2-2: Ball
3-2: Foul Ball, location: 2F
3-2: Base on Balls
Batting: RHB Roberto Cruz 0-0: Called Strike
Jordan Burpo steals 2nd base
0-1: Ball
1-1: Swinging Strike
1-2: Strikes out swinging
Batting: RHB Andrew Bledsoe 0-0: SINGLE (Line Drive, 4D, EV 99.4 MPH)
Mário de la Cruz scores
Jordan Burpo to third
Runner from 3rd tries for Home, SAFE, throw by CF to home
Batting: RHB Carlos Castillo 0-0: Ball
1-0: Fly out, F7 (Flyball, 7LD, EV 96.2 MPH)
Bottom of the 6th over - 5 runs, 5 hits, 0 errors, 1 left on base; Durham 2 - Ottawa 7
TOP OF THE 7TH
Durham Bulls batting - Pitching for Ottawa Oddballs : LHP Jesus Mendoza
Pitching: LHP Michael Sadowski
Batting: RHB Anthony Quinn 0-0: Swinging Strike
0-1: Swinging Strike
0-2: Fly out, F8 (Flyball, 8RD, EV 100.6 MPH)
Batting: RHB Josh Dunn 0-0: Called Strike
0-1: Called Strike
0-2: Foul Ball, location: 2F
0-2: Ball
1-2: Ball
2-2: Ball
3-2: Foul Ball, location: 2F
3-2: Base on Balls
Batting: LHB Alan McDonald 0-0: Ball
1-0: Grounds into double play, 4-6-3 (Groundball, 4, EV 101.2 MPH)
Top of the 7th over - 0 runs, 0 hits, 0 errors, 0 left on base; Durham 2 - Ottawa 7
BOTTOM OF THE 7TH
Ottawa Oddballs batting - Pitching for Durham Bulls : RHP Bradley McSween
Batting: LHB Jason Sanders 0-0: Ball
1-0: Swinging Strike
1-1: Ball
2-1: Ball
3-1: Ground out U3 (Groundball, 3, EV 87.5 MPH)
Batting: RHB Joe Gibbs 0-0: Swinging Strike
0-1: Ball
1-1: Foul Ball, location: 2F
1-2: Strikes out swinging
Batting: RHB Francisco Flores 0-0: Ball
1-0: Foul Ball, location: 2F
1-1: Foul Ball, location: 2F
1-2: Hit by Pitch
Batting: RHB Júlio Acevedo 0-0: Called Strike
0-1: Swinging Strike
0-2: Ball
1-2: Ball
2-2: Strikes out swinging
Bottom of the 7th over - 0 runs, 0 hits, 0 errors, 1 left on base; Durham 2 - Ottawa 7
TOP OF THE 8TH
Durham Bulls batting - Pitching for Ottawa Oddballs : LHP Michael Sadowski
Batting: LHB Theodore Legault 0-0: Ball
1-0: Called Strike
1-1: Foul Ball, location: 2F
1-2: Ground out 4-3 (Groundball, 4M, EV 103.1 MPH)
Batting: SHB Tristan Brudos 0-0: Fly out, F1 (Line Drive, P, EV 73.1 MPH)
Batting: RHB Andy Gadd 0-0: Ball
1-0: Fly out, F9 (Flyball, 9, EV 93.8 MPH)
Top of the 8th over - 0 runs, 0 hits, 0 errors, 0 left on base; Durham 2 - Ottawa 7
BOTTOM OF THE 8TH
Ottawa Oddballs batting - Pitching for Durham Bulls : RHP Bradley McSween
Batting: LHB Mário de la Cruz 0-0: Called Strike
0-1: Called Strike
0-2: Ball
1-2: Ground out U3 (Groundball, 3, EV 103.1 MPH)
Batting: LHB Jordan Burpo 0-0: Ball
1-0: Hit by Pitch
Batting: RHB Roberto Cruz 0-0: Ball
1-0: Ball
2-0: Ball
3-0: Base on Balls
Jordan Burpo to second
Pitching: RHP Marty Gilman
Batting: RHB Andrew Bledsoe 0-0: Ball
1-0: Foul Ball, location: 2F
1-1: Foul Ball, location: 2F
1-2: Foul Ball, location: 2F
1-2: Ball
2-2: SINGLE (Line Drive, 7LS, EV 110.0 MPH)
Jordan Burpo to third
Roberto Cruz to second
Batting: RHB Carlos Castillo 0-0: Ball
1-0: Ball
2-0: Foul Ball, location: 2F
2-1: Grounds into double play, 4-6-3 (Groundball, 4, EV 85.0 MPH)
Bottom of the 8th over - 0 runs, 1 hit, 0 errors, 2 left on base; Durham 2 - Ottawa 7
TOP OF THE 9TH
Durham Bulls batting - Pitching for Ottawa Oddballs : LHP Michael Sadowski
Batting: LHB Dannysmel Sylva 0-0: Ground out 4-3 (Groundball, 34, EV 90.0 MPH)
Batting: SHB Hunter Beltran 0-0: Ball
1-0: Foul Ball, location: 2F
1-1: Called Strike
1-2: Foul Ball, location: 2F
1-2: Strikes out swinging
Batting: LHB Sammie Marquez 0-0: Ball
1-0: SINGLE (Line Drive, 8LS, EV 106.2 MPH)
Pitching: RHP Mike Gonzalez
Batting: RHB Anthony Quinn 0-0: Swinging Strike
0-1: SINGLE (Line Drive, 4MD, EV 101.2 MPH)
Sammie Marquez to second
Batting: RHB Josh Dunn 0-0: Ball
1-0: Ball
2-0: Called Strike
2-1: Ball
3-1: Fly out, F7 (Flyball, 7LM, EV 80.0 MPH)
Top of the 9th over - 0 runs, 2 hits, 0 errors, 2 left on base; Durham 2 - Ottawa 7
Thursday, April 18th , 2024 - OOTP Baseball 24.11 Build 85